 Dungeon Sprint DCSS version 0.23.1 (webtiles) character file.

Game seed: 6540241351078404696

10012 nuthulu the Eclecticist (level 11, -6/73 HPs)
             Began as a Deep Elf Fire Elementalist on Mar 13, 2019.
             Was the Champion of Vehumet.
             Mangled by a nagaraja
             ... wielding the +8 hand axe of Anguish {elec, Str+4}
              (28 damage)
             ... in the Dungeon (Sprint V: "Ziggurat Sprint").
             The game lasted 00:03:56 (1300 turns).

nuthulu the Eclecticist (DEFE)                      Turns: 1300, Time: 00:03:56

Health: -6/73      AC:  2    Str:  5    XL:     11   Next: 30%
Magic:  22/33      EV: 23    Int: 28    God:    Vehumet [******]
Gold:   0          SH:  0    Dex: 23    Spells: 24/42 levels left

rFire    . . .     SeeInvis .   l - +7 Screaming Sword {slice, sonic wave}
rCold    . . .     Gourm    .   (no shield)
rNeg     . . .     Faith    .   a - +0 robe
rPois    .         Spirit   .   (no helmet)
rElec    .         Reflect  .   (no cloak)
rCorr    .         Harm     .   (no gloves)
MR       +....     NoTele   +   (no boots)
Stlth    +++.......             (no amulet)
HPRegen  0.22/turn              z - +6 ring of intelligence
MPRegen  0.23/turn              x - +6 ring of dexterity

@: constricted
A: no striking features
a: Renounce Religion


You were in the Dungeon.
You worshipped Vehumet.
Vehumet was exalted by your worship.
You were not hungry.

You visited 1 branch

Inventory:

Hand Weapons
 l - the +7 Screaming Sword (weapon) {slice, sonic wave}
   (You found it in the Dungeon)

   It inflicts extra damage upon your enemies.
Armour
 a - a +0 robe (worn)
Jewellery
 x - a +6 ring of dexterity (right hand)
 y - a +6 ring of dexterity
 z - a +6 ring of intelligence (left hand)
 A - a +6 ring of intelligence
 B - a +6 ring of strength
 C - a +6 ring of strength
 D - the amulet of the Air {Inacc +Fly rElec EV+5 RMsl}
   (You found it in the Dungeon)

   [amulet of inaccuracy]

   It reduces the accuracy of all your attacks.
   It affects your evasion (+5).
   It insulates you from electricity.
   It lets you fly.
   It protects you from missiles.
Wands
 u - a wand of disintegration (7)
 v - a wand of iceblast (7)
 w - a wand of acid (7)
Scrolls
 i - 4 scrolls of blinking
 o - 4 scrolls of amnesia
 p - 7 scrolls of fog
 q - a scroll of holy word
 r - 5 scrolls of identify
 s - 5 scrolls of remove curse
 t - 2 scrolls of fear
 E - 4 scrolls of enchant weapon
Potions
 b - 2 potions of brilliance
 d - 9 potions of curing
 e - 9 potions of heal wounds
 f - 6 potions of haste
 g - 7 potions of magic
 h - 3 potions of berserk rage
 j - 2 potions of invisibility
 k - 4 potions of resistance
 m - 5 potions of agility
 n - 4 potions of might
Comestibles
 c - 7 rations


   Skills:
 * Level 10.4 Fighting
 + Level 14.3 Dodging
 - Level 2.4 Stealth
 + Level 16.2 Spellcasting
 + Level 13.9 Conjurations
 + Level 14.1 Fire Magic


You had 24 spell levels left.
You knew the following spells:

 Your Spells              Type           Power        Failure   Level  Hunger
a - Flame Tongue          Conj/Fire      #####        0%          1    None
b - Throw Flame           Conj/Fire      ######       0%          2    None
c - Fireball              Conj/Fire      #######...   1%          5    None
d - Inner Flame           Hex/Fire       ######..     1%          3    None
e - Sticky Flame          Conj/Fire      #######.     1%          4    None
f - Conjure Flame         Conj/Fire      #######.     0%          3    None

Your spell library contained the following spells:

 Spells                   Type           Power        Failure   Level  Hunger
 Ignite Poison            Fire/Tmut/Pois #####...     1%          3    None
 Mephitic Cloud           Conj/Pois/Air  #####...     1%          3    None
 Force Lance              Conj/Tloc      ######..     1%          4    None
 Poisonous Vapours        Pois/Air       ###...       3%          2    None
 Gell's Gravitas          Tloc           ###.......   6%          3    None
 Portal Projectile        Hex/Tloc       ###...       6%          3    None
 Airstrike                Air            ###.......   6%          4    None
 Dispersal                Tloc           ###.......   97%         6    ###....
 Controlled Blink         Tloc           N/A          100%        8    ######.
 Disjunction              Tloc           ###.......   100%        8    ######.
 Tornado                  Air            ###.......   100%        9    #######


Dungeon Overview and Level Annotations

Branches:
Dungeon (1/1)

Altars:
Ashenzari
Cheibriados
Dithmenos
Elyvilon
Fedhas
Gozag
Hepliaklqana
Kikubaaqudgha
Makhleb
Nemelex Xobeh
Okawaru
Qazlal
Ru
Sif Muna
Trog
Uskayaw
Vehumet
Wu Jian
Xom
Yredelemnul
Zin
The Shining One
Beogh
Jiyva
Lugonu


Message History

Vehumet accepts your kill.
You feel your power returning. The naga mage spits poison at you.
The splash of poison misses you.
Unknown command.
You slash the naga mage!
You kill the naga mage!
Vehumet accepts your kill.
You feel your power returning.
You feel sick.
The nagaraja hits you with the +8 hand axe of Anguish {elec, Str+4}!
The nagaraja grabs you.
* * * LOW HITPOINT WARNING * * *
The nagaraja constricts you.
Unknown command.
Unknown command.
You feel better. The nagaraja spits poison at you.
The splash of poison misses you. The nagaraja constricts you.
The nagaraja hits you with the +8 hand axe of Anguish {elec, Str+4}!!
You die...

▓..))}:?..▓
▓..[[.)[..▓...}[[)..▓
▓.........▓.....†...▓
▓.........▓....†....▓
▓....)....▓....†....▓
▓.........▓.........▓
▓....†....▓...†††...▓
▓....N)...▓....©....▓
▓...)@....▓▓▓▓▓▓▓▓▓▓▓
▓▓▓▓▓▓▓▓▓▓▓


You could see a nagaraja.

Vanquished Creatures
  A nagaraja (D)
  A mummy priest (D)
  3 two-headed ogres (D)
  A cyclops (D)
  4 black mambas (D)
  4 naga magi (D)
  A guardian serpent (D)
  2 jumping spiders (D)
  3 redbacks (D)
  A wyvern (shapeshifter) (D)
  A golden eye (shapeshifter) (D)
  3 nagas (D)
  A hell hound (D)
  7 water moccasins (D)
  A porcupine (D)
  2 ogres (D)
  3 scorpions (D)
  3 iguanas (D)
  A mummy (D)
  4 adders (D)
  A shadow imp (D)
  An adder zombie (D)
  9 ball pythons (D)
  A bat skeleton (D)
  2 bat zombies (D)
  2 giant cockroach zombies (D)
63 creatures vanquished.

Vanquished Creatures (others)
  An acid blob (D)
  An azure jelly (D)
  Erolcha (D)
  3 death oozes (D)
  Grinder (D)
  Eustachio (D)
  Menkaure (D)
  Jessica (D)
10 creatures vanquished.

Grand Total: 73 creatures vanquished

Notes
Turn   | Place    | Note
-------+----------+-------------------------------------------
     0 | D        | Found the +6 Majin-Bo {vamp, Archmagi MP+6 Int+6}
     0 | D        | Found the +7 great mace "Firestarter" {inner flame, rF++}
     0 | D        | nuthulu the Deep Elf Fire Elementalist began the quest for
                  | the Orb.
     0 | D        | Reached XP level 1. HP: 10/10 MP: 6/6
     0 | D        | Found a deep blue altar of Sif Muna.
     0 | D        | Found a sacrificial altar of Ru.
     0 | D        | Found a bloodstained altar of Trog.
     0 | D        | Found a stormy altar of Qazlal.
     0 | D        | Found an iron altar of Okawaru.
     0 | D        | Found a sparkling altar of Nemelex Xobeh.
     0 | D        | Found a blossoming altar of Fedhas.
     2 | D        | Found a transporter.
     2 | D        | Found an ancient bone altar of Kikubaaqudgha.
     2 | D        | Found a viscous altar of Jiyva.
     2 | D        | Found a corrupted altar of Lugonu.
     2 | D        | Found a hazy altar of Hepliaklqana.
     2 | D        | Found a burning altar of Makhleb.
     2 | D        | Found an opulent altar of Gozag.
     2 | D        | Killed Menkaure
    13 | D        | Killed Erolcha
    17 | D        | Reached skill level 6 in Spellcasting
    17 | D        | Reached skill level 5 in Fire Magic
    17 | D        | Reached XP level 2. HP: 15/15 MP: 7/11
    21 | D        | Learned a level 2 spell: Throw Flame
    28 | D        | Became a worshipper of Vehumet
    44 | D        | Found the +9 heavy crossbow "Sniper" {velocity, Acc+∞ SInv}
    44 | D        | Found the +10 dark maul {crush}
    44 | D        | Found the +15 Maxwell's patent armour {-Cast -Tele rElec
                  | MR+ rCorr}
    44 | D        | Found the +18 shield of the Gong {rElec rN+ MR+ EV-5}
    44 | D        | Found the cursed +14 obsidian axe {chop, +Fly SInv *Curse}
    45 | D        | Found the +6 shillelagh "Devastator" {shatter}
    45 | D        | Found the +11 plutonium sword {*Contam Stlth-}
    45 | D        | Found the +8 lance "Wyrmbane" {slay drac, rPois rF+ rC+
                  | AC+3}
    45 | D        | Found the +9 sword of Zonguldrok {reap}
    45 | D        | Found the cursed +13 scythe of Curses {drain, *Curse}
    45 | D        | Found the +0 sword of Power
    45 | D        | Found the +7 mace of Variability {chain chaos}
    45 | D        | Found the +7 Singing Sword {slice, sonic wave}
    45 | D        | Found the +7 longbow "Piercer" {penet, EV-2}
    51 | D        | Entered arena 2.
    51 | D        | Noticed a golden eye
    51 | D        | Noticed a wyvern
    51 | D        | Found a transporter.
    55 | D        | Killed a golden eye
    55 | D        | Reached skill level 5 in Dodging
    55 | D        | Reached skill level 8 in Spellcasting
    55 | D        | Reached XP level 3. HP: 7/19 MP: 11/14
    55 | D        | Reached XP level 4. HP: 9/24 MP: 12/16
    55 | D        | Reached XP level 5. HP: 10/28 MP: 12/17
    55 | D        | Killed a wyvern
    55 | D        | Reached skill level 9 in Spellcasting
    55 | D        | Reached XP level 6. HP: 12/32 MP: 12/20
   168 | D        | Learned a level 5 spell: Fireball
   326 | D        | Learned a level 3 spell: Inner Flame
   331 | D        | Learned a level 4 spell: Sticky Flame
   335 | D        | Learned a level 3 spell: Conjure Flame
   340 | D        | Entered arena 3.
   340 | D        | Noticed a mummy priest
   340 | D        | Found a transporter.
   341 | D        | Reached * piety under Vehumet
   341 | D        | Offered knowledge of Freeze by Vehumet.
   343 | D        | Killed a mummy priest
   343 | D        | Reached skill level 10 in Dodging
   343 | D        | Reached skill level 12 in Spellcasting
   343 | D        | Reached skill level 10 in Conjurations
   343 | D        | Reached skill level 10 in Fire Magic
   343 | D        | Reached XP level 7. HP: 23/36 MP: 9/24
   343 | D        | Reached XP level 8. HP: 26/41 MP: 9/26
   538 | D        | Killed Jessica
   563 | D        | Entered arena 4.
   563 | D        | Found a transporter.
   564 | D        | Reached ** piety under Vehumet
   564 | D        | Offered knowledge of Sting by Vehumet.
   585 | D        | Entered arena 5.
   585 | D        | Found a transporter.
   586 | D        | Found the amulet of the Air {Inacc +Fly rElec EV+5 RMsl}
   586 | D        | Reached *** piety under Vehumet
   597 | D        | Entered arena 6.
   597 | D        | Found a transporter.
   598 | D        | Reached **** piety under Vehumet
   642 | D        | Entered arena 7.
   642 | D        | Noticed a black mamba
   643 | D        | Found a transporter.
   644 | D        | Reached skill level 1 in Fighting
   645 | D        | Reached ***** piety under Vehumet
   649 | D        | Killed a black mamba
   649 | D        | Reached skill level 13 in Spellcasting
   649 | D        | Reached XP level 9. HP: 51/51 MP: 19/28
   736 | D        | Entered arena 8.
   736 | D        | Noticed a two-headed ogre
   736 | D        | Noticed a two-headed ogre
   736 | D        | Noticed a cyclops
   736 | D        | Noticed a two-headed ogre
   738 | D        | Offered knowledge of Searing Ray by Vehumet.
   739 | D        | Killed a two-headed ogre
   739 | D        | Reached skill level 5 in Fighting
   740 | D        | Killed a cyclops
   740 | D        | Reached skill level 14 in Spellcasting
   741 | D        | Killed a two-headed ogre
   741 | D        | Reached XP level 10. HP: 61/61 MP: 10/30
   742 | D        | Found a transporter.
   743 | D        | Killed a two-headed ogre
   743 | D        | Reached ****** piety under Vehumet
   755 | D        | Killed Grinder
   784 | D        | Killed an acid blob
   802 | D        | Entered arena 9.
   814 | D        | Found a transporter.
   832 | D        | Killed a death ooze
   863 | D        | Killed a death ooze
   865 | D        | Entered arena 10.
   872 | D        | Reached skill level 15 in Spellcasting
   908 | D        | Killed an azure jelly
   910 | D        | Found a transporter.
   947 | D        | Got the Volume of Flight
  1052 | D        | Killed a death ooze
  1117 | D        | Entered arena 11.
  1117 | D        | Noticed a naga mage
  1117 | D        | Noticed a black mamba
  1117 | D        | Noticed a black mamba
  1117 | D        | Noticed a naga mage
  1118 | D        | Offered knowledge of Olgreb's Toxic Radiance by Vehumet.
  1119 | D        | Killed a black mamba
  1119 | D        | Killed a naga mage
  1123 | D        | Killed a black mamba
  1126 | D        | Killed a naga mage
  1127 | D        | Found a transporter.
  1173 | D        | Killed Eustachio
  1290 | D        | Entered arena 12.
  1290 | D        | Noticed a nagaraja
  1290 | D        | Noticed a black mamba
  1290 | D        | Noticed a naga mage
  1290 | D        | Noticed a nagaraja
  1291 | D        | Identified the +8 hand axe of Anguish {elec, Str+4}
  1291 | D        | Noticed a guardian serpent
  1293 | D        | Killed a black mamba
  1293 | D        | Offered knowledge of Ignite Poison by Vehumet.
  1294 | D        | Reached XP level 11. HP: 71/71 MP: 17/32
  1294 | D        | Killed a nagaraja
  1294 | D        | Reached skill level 10 in Fighting
  1298 | D        | Reached skill level 16 in Spellcasting
  1300 | D        | Mangled by a nagaraja

Skill      XL: |  1  2  3  4  5  6  7  8  9 10 11 |
---------------+----------------------------------+-----
Spellcasting   | 6 8 9 12 13 14 15 16 | 16.2
Conjurations   | 4 6 7 10 11 12 13 | 13.9
Fire Magic     | 5 7 8 10 11 12 13 14 | 14.1
Dodging        | 5 7 10 11 12 13 14 | 14.3
Fighting       | 3 6 9 10 | 10.4
Stealth        | |  2.4

Action                   |  1- 3 |  4- 6 |  7- 9 | 10-12 || total
-------------------------+-------+-------+-------+-------++-------
Melee: Double sword      |     2 |       |     5 |    20 ||    27
 Cast: Fireball          |       |     2 |    10 |    19 ||    31
       Flame Tongue      |       |       |     6 |       ||     6
       Throw Flame       |       |       |     1 |       ||     1
  Use: Potion            |     1 |       |       |     3 ||     4
  Eat: Ration            |       |       |       |     1 ||     1
Armor: Robe              |       |       |     2 |       ||     2
Dodge: Dodged            |     1 |       |    17 |    44 ||    62
       Rpst.: Double sword |       |       |     6 |     7 ||    13
